cohdb
Replays
Latest Replays
All Replays
Popular Replays
Top Player Replays
Match Explorer
How It Works
Community
CoH3 Stats
Reddit
Sign in to upload your games and track your stats! →
Sign in with Steam
Match 48374584
Unlisted
Match 48374584
Overview
Messages
Build Orders
End
Scout Squad
Selects Airborne Battlegroup
Selects Heavy Machine Gun Paradrop
Heavy Machine Gun Paradrop
Engineer Squad
Heavy Machine Gun Paradrop
Infantry Support Center
Construct Weapon Support Center
Bazooka Squad
Selects Paratrooper Squad Paradrop
Paratrooper Squad Paradrop
M3 Armored Personnel Carrier
Advanced Logistics
Paratrooper Squad Paradrop
Selects Anti-tank Gun Team Paradrop
ZyAcroQC
ThreekidsinaTrenchcoat
0
0
Comments
sign in to comment!
No comments posted yet!